AoeStats
← Big Papi

Black Forest

508347712Analyzed
4v4 RM · 9d ago on Sep 22, 2026· 53m 13s· 8 players
Game mode
Random Map
Map size
Large (8 player)
Population
200
Speed
Normal
Resources
Standard
Victory
Conquest
Starting age
Dark Age
Ending age
Imperial Age
RankedLock teamsTeams togetherTeam positionsShared explorationLock speedFull tech treeHidden civsTurbo modeCheats
Victory
Defeat
🇦🇷 Malay · Argentina
1020
+14
🇨🇳 Byzantines · China
911
+18
🇨🇳 Ethiopians · China
892
+19
🇨🇱 Burgundians · Chile
882
+19
🇨🇦 Bohemians · Canada
1037
-20
🇺🇸 Britons · United States
948
-17
🇦🇷 Koreans · Argentina
940
-17
🇨🇦 Burgundians · Canada
915
-16
dewey manning
8:57 Loom
11:45 Feudal Age
13:55 Double-Bit Axe
13:54 Horse Collar
18:19 Castle Age
16:36 Gold Mining
16:48 Stone Mining
17:23 Fletching
17:59 Padded Archer Armor
20:02 Wheelbarrow
20:03 Bodkin Arrow
21:10 Bow Saw
25:26 Town Watch
26:25 Leather Archer Armor
27:30 Gold Shaft Mining
27:57 Town Patrol
28:13 Treadmill Crane
29:14 Hand Cart
29:28 Ballistics
31:34 Yeomen
35:34 Imperial Age
33:19 Masonry
33:05 Murder Holes
37:27 Chemistry
36:28 Bracer
36:59 Ring Archer Armor
35:54 Elite Longbowman
36:54 Conscription
39:06 Caravan
40:17 Husbandry
39:37 Light Cavalry
40:25 Scale Barding Armor
40:31 Forging
41:38 Two-Man Saw
40:40 Heavy Plow
41:03 Warwolf
41:31 Chain Barding Armor
42:04 Architecture
43:45 Plate Barding Armor
43:46 Iron Casting
43:23 Siege Engineers
43:42 Cavalier
VictorWatch
0:34 Loom
11:52 Feudal Age
12:30 Double-Bit Axe
12:37 Horse Collar
19:08 Castle Age
18:37 Wheelbarrow
21:23 Bow Saw
22:06 Heavy Plow
25:53 Fervor
28:55 Town Watch
29:28 Hand Cart
34:13 Imperial Age
33:59 Chemistry
33:10 Fortified Wall
32:41 Treadmill Crane
33:22 Ballistics
33:13 Masonry
32:59 Murder Holes
32:56 Fletching
33:52 Pikeman
34:32 Squires
35:35 Conscription
37:09 Two-Man Saw
36:08 Bodkin Arrow
36:08 Halberdier
37:19 Forging
37:10 Scale Mail Armor
38:10 Siege Engineers
38:36 Architecture
39:08 Elite Hussite Wagon
39:53 Wagenburg Tactics
40:48 Arson
41:34 Town Patrol
42:03 Bombard Tower
42:01 Chain Mail Armor
43:49 Iron Casting
45:52 Plate Mail Armor
Darth_Doge03
1:09 Loom
5:53 Wheelbarrow
13:26 Feudal Age
12:01 Double-Bit Axe
13:20 Horse Collar
16:39 Town Watch
21:56 Castle Age
22:37 Stone Mining
26:58 Gold Mining
27:21 Bow Saw
27:15 Heavy Plow
37:23 Imperial Age
35:41 Fortified Wall
36:48 Light Cavalry
38:20 Husbandry
39:06 Conscription
39:25 Hoardings
40:29 Chemistry
39:25 Murder Holes
39:40 Masonry
39:17 Hussar
40:53 Squires
42:05 Pikeman
42:46 Squires
Big Papi
0:56 Loom
13:38 Feudal Age
14:06 Double-Bit Axe
17:02 Fishing Lines
18:51 Wheelbarrow
21:54 Castle Age
19:53 Fletching
20:01 Stone Mining
22:35 Wheelbarrow
21:46 Town Watch
22:06 Gold Mining
25:23 Horse Collar
29:07 Bodkin Arrow
33:23 Hand Cart
37:26 Imperial Age
35:49 Stone Shaft Mining
35:54 Gold Shaft Mining
36:11 Heavy Plow
36:06 Gillnets
37:08 Bodkin Arrow
38:01 Heavy Rocket Cart
38:37 Pikeman
39:20 Squires
39:06 Gambesons
41:39 Forging
42:55 Halberdier
44:26 Scale Mail Armor
45:32 Iron Casting
LeandroPaul79
1:02 Loom
13:00 Feudal Age
12:34 Double-Bit Axe
12:31 Horse Collar
12:48 Fishing Lines
19:53 Castle Age
18:26 Gold Mining
18:28 Stone Mining
20:15 Wheelbarrow
21:01 Bow Saw
23:15 Gold Shaft Mining
22:59 Heavy Plow
24:42 Stone Shaft Mining
25:27 Gillnets
27:07 Hand Cart
28:18 Scale Barding Armor
28:23 Forging
32:36 Imperial Age
29:53 Town Watch
32:30 Town Patrol
33:07 Crop Rotation
32:54 Caravan
35:14 Chemistry
34:35 Ballistics
34:05 Heated Shot
33:56 Treadmill Crane
34:27 Masonry
34:22 Siege Engineers
34:13 Murder Holes
33:47 Elite Battle Elephant
34:31 Husbandry
35:43 Forced Levy
35:55 Thalassocracy
35:51 Light Cavalry
38:14 Iron Casting
37:41 Padded Archer Armor
37:32 Fletching
40:03 Arson
40:18 Squires
39:39 Man-at-Arms
39:59 Pikeman
43:13 Long Swordsman
43:14 Halberdier
43:38 Elite Karambit Warrior
50:33 Two-Handed Swordsman
pdepardo
11:50 Feudal Age
10:30 Double-Bit Axe
11:27 Gold Mining
12:51 Bow Saw
18:06 Fishing Lines
22:02 Castle Age
22:35 Wheelbarrow
21:45 Town Watch
21:46 Loom
23:49 Crossbowman
24:42 Horse Collar
30:34 Imperial Age
28:57 Padded Archer Armor
28:48 Fletching
31:24 Two-Man Saw
32:20 Chemistry
31:51 Cavalier
32:32 Husbandry
33:33 Hand Cart
35:54 Scale Barding Armor
36:02 Masonry
35:54 Onager
37:32 Light Cavalry
41:30 Chain Barding Armor
42:07 Hussar
42:38 Man-at-Arms
43:39 Long Swordsman
46:09 Two-Handed Swordsman
47:56 Architecture
47:32 Heavy Plow
47:54 Paladin
52:37 Gold Shaft Mining
TaiwanIsChina's
0:33 Loom
12:32 Feudal Age
13:00 Double-Bit Axe
22:06 Castle Age
20:32 Fishing Lines
21:17 Horse Collar
23:27 Bow Saw
23:11 Gillnets
24:01 Stone Mining
24:48 Fortified Wall
24:19 Treadmill Crane
25:37 Wheelbarrow
27:06 Stone Shaft Mining
29:12 Fletching
29:53 Heavy Plow
29:28 Elite Skirmisher
32:49 Imperial Age
30:36 Hand Cart
30:33 Bodkin Arrow
30:39 Padded Archer Armor
31:49 Ballistics
34:40 Chemistry
35:28 Two-Man Saw
35:00 Gold Mining
35:32 Thumb Ring
35:22 Pikeman
36:04 Squires
37:00 Gold Shaft Mining
37:08 Bracer
37:24 Leather Archer Armor
37:59 Caravan
39:54 Ring Archer Armor
42:01 Murder Holes
43:09 Conscription
42:39 Halberdier
43:42 Capped Ram
44:38 Scale Mail Armor
45:31 Hoardings
44:56 Siege Ram
46:39 Chain Mail Armor
46:34 Forging
51:08 Plate Mail Armor
51:13 Iron Casting
扯淡都这样
0:28 Loom
12:35 Feudal Age
14:22 Wheelbarrow
16:51 Castle Age
15:04 Double-Bit Axe
15:47 Stone Mining
18:37 Bow Saw
18:24 Horse Collar
24:11 Hand Cart
34:42 Imperial Age
32:20 Fletching
34:46 Heavy Plow
35:10 Forging
35:01 Scale Mail Armor
35:58 Conscription
37:13 Chemistry
35:43 Elite Shotel Warrior
35:53 Halberdier
37:37 Iron Casting
37:17 Chain Mail Armor
38:10 Siege Engineers
39:42 Two-Man Saw
38:48 Caravan
45:26 Squires
45:11 Arson
48:11 Blast Furnace
47:27 Chain Mail Armor
48:33 Crossbowman
49:06 Arbalester
49:51 Thumb Ring
49:50 Bodkin Arrow
49:56 Padded Archer Armor
50:26 Plate Mail Armor
52:20 Bracer
52:36 Leather Archer Armor
Connection lost

Rejoining the realm…

Still unreachable

The connection could not be restored.

Session expired

The server has moved on; the page needs a fresh start.